 Dungeon Crawl Stone Soup version 0.28-a0-1159-g27aa881441 (webtiles) character file.

Game seed: 18117245664141186016

98 Fortus the Slasher (level 4, -2/33 HPs)
             Began as a Demonspawn Gladiator on Dec 15, 2021.
             Killed from afar by a white imp (11 damage)
             ... with a puff of frost
             ... summoned by Natasha
             ... on level 3 of the Dungeon.
             The game lasted 00:03:10 (2758 turns).

Fortus the Slasher (Demonspawn Gladiator)           Turns: 2758, Time: 00:03:11

Health: -2/33      AC:  7    Str: 17    XL:     4   Next: 44%
Magic:  4/4        EV: 10    Int:  9    God:
Gold:   79         SH:  0    Dex: 14    Spells: 0/3 levels left

rFire   . . .      SeeInvis .   a - +0 long sword
rCold   . . .      Faith    .   (no shield)
rNeg    . . .      Spirit   .   h - +0 scale mail
rPois   .          Reflect  .   c - +0 helmet
rElec   .          Harm     .   (no cloak)
rCorr   .          Rampage  .   (no gloves)
Will    .....                   (no boots)
Stlth   ..........              (no amulet)
HPRegen 0.11/turn               (no ring)
MPRegen 0.18/turn               (no ring)

@: no status effects
A: demonic guardian 1, magic regeneration
a: no special abilities


You were on level 3 of the Dungeon.
You visited 1 branch of the dungeon, and saw 3 of its levels.

You collected 79 gold pieces.

Inventory:

Hand Weapons
 a - a +0 long sword (weapon)
Missiles
 d - 3 throwing nets (quivered)
Armour
 b - a +0 leather armour
 c - a +0 helmet (worn)
 h - a +0 scale mail (worn)
Jewellery
 o - a ring of see invisible
Scrolls
 e - a scroll of noise {unknown}
 g - a scroll of immolation {unknown}
 i - a scroll of fear {unknown}
 j - a scroll of brand weapon {unknown}
 k - 2 scrolls of teleportation {unknown}
 l - a scroll of magic mapping {unknown}
 m - a scroll of identify {unknown}
 n - a scroll of vulnerability {unknown}
Potions
 f - 2 potions of curing {unknown}
 p - a potion of ambrosia {unknown}


   Skills:
 - Level 2.0 Fighting
 * Level 4.6 Long Blades
 - Level 1.7 Throwing
 - Level 2.6 Dodging
 + Level 0.4 Spellcasting
 + Level 0.4 Translocations


You couldn't memorise any spells.
You knew the following spells:

 Your Spells              Type           Power      Damage    Failure   Level
a - Lesser Beckoning      Tloc           1%         N/A       98%         3

Your spell library contained the following spells:

 Spells                   Type           Power      Damage    Failure   Level
 Gell's Gravitas          Tloc           1%         N/A       98%         3
 Teleport Other           Tloc           1%         N/A       98%         3


Dungeon Overview and Level Annotations

Branches:
Dungeon (3/15)

Altars:

Shops:
D:1 !

Annotations:
D:3 Natasha


Innate Abilities, Weirdness & Mutations

A weak demonic guardian rushes to your aid.
You regenerate magic rapidly.


Message History

The orc hits you with a +0 flail!
* * * LOW HITPOINT WARNING * * *
A demonic guardian appears!
You swap places.
Your ufetubus closely misses the orc.
Your ufetubus misses the orc. The orc misses your ufetubus.
Your ufetubus barely misses the orc.
Your ufetubus hits the orc. The orc misses your ufetubus.
Your ufetubus hits the orc.
The orc dies!
You start resting.
Your ufetubus disappears in a puff of smoke!
Natasha, Servant of Life and Death comes into view.
Natasha is nearby!
Natasha hisses angrily.
Found a war axe.
There is an open door, spattered with blood here.
Things that are here:
a +0 flail; the felid corpse of Natasha You open the door.
A ball python comes into view.
The ball python hisses angrily.
There is an open door here.
The ball python misses you. The ball python closely misses you.
You slash the ball python!
You kill the ball python!
Natasha casts a spell.
Natasha casts a spell.
You open the door.
Found a stone staircase leading down.
Natasha casts a spell at you. The magic dart hits you.
* * * LOW HITPOINT WARNING * * *
There is an open door here.
A ball python comes into view.
The ball python hisses angrily.
A frilled lizard comes into view.
The frilled lizard hisses angrily.
The white imp laughs crazily.
The white imp gestures at you. The puff of frost hits you!
You die...

...#>.......#.....#..?..#
.... #.#...#)...####'###
#..#.#.#.'h..###.....#
#...<..#.#..###..†..##
##.#####.#.###.....## #
...####.....## ##.#
#.....## #..####h######
#...@.5........
##.#........... #
###.#....### #S#....#
#.#....# #S#.#..#
#l#.#.># ... ..


You could see Natasha, a white imp (summoned) and a ball python.

Vanquished Creatures
  Natasha (D:3)
  An adder (D:2)
  2 worms (D:2)
  A dart slug (D:1)
  An orc (D:3)
  3 endoplasms
  2 giant cockroaches (D:2)
  5 hobgoblins
  3 quokkas
  10 ball pythons
  3 bats
  5 frilled lizards
  6 goblins
  8 kobolds
  4 rats
55 creatures vanquished.

Vanquished Creatures (collateral kills)
  An orc (D:3)
1 creature vanquished.

Vanquished Creatures (others)
  5 demonic plants (D:1)
  A fungus (D:1)
  6 plants (D:1)
  4 withered plants (D:1)
16 creatures vanquished.

Grand Total: 72 creatures vanquished

Notes
Turn   | Place    | Note
-------+----------+-------------------------------------------
     0 | D:1      | Fortus the Demonspawn Gladiator began the quest for the
                  | Orb.
     0 | D:1      | Reached XP level 1. HP: 16/16 MP: 1/1
   240 | D:1      | Found Catixtud's Distillery.
   242 | D:1      | Reached skill level 3 in Long Blades
   322 | D:1      | Gained mutation: A weak demonic guardian rushes to your
                  | aid. [demonic ancestry]
   322 | D:1      | Reached XP level 2. HP: 22/22 MP: 2/2
   586 | D:1      | Found a faded altar of an unknown god.
  1247 | D:2      | Gained mutation: You regenerate magic rapidly. [demonic
                  | ancestry]
  1247 | D:2      | Reached XP level 3. HP: 27/27 MP: 3/3
  1368 | D:2      | Reached skill level 4 in Long Blades
  2174 | D:2      | Reached XP level 4. HP: 14/33 MP: 4/4
  2520 | D:2      | Learned a level 3 spell: Lesser Beckoning
  2636 | D:3      | Noticed Natasha
  2650 | D:3      | Killed Natasha
  2651 | D:3      | HP: 1/33 [orc (8)]
  2740 | D:3      | Noticed Natasha
  2758 | D:3      | Killed from afar by a white imp

Illustrated notes

Levels and vault maps discovered:
D:1:      nzn_arrival_depleted_hourglass, layout_basic,
          shapermc_ecumenical_altar_gd, serial_shops, shop
D:2:      layout_basic, grunt_ministairs_8, minmay_3d_cube
D:3:      layout_basic, minmay_quadrilaterals, uniq_jessica,
          uniq_crazy_yiuf_cottage, uniq_natasha

Skill      XL: |  1  2  3 |
---------------+----------+-----
Long Blades    | 3 4 |  4.6
Fighting       | |  2.0
Throwing       | |  1.7
Dodging        | |  2.6
Spellcasting   | |  0.4
Translocations | |  0.4

Action                   |  1- 3 |  4- 6 || total
-------------------------+-------+-------++-------
Melee: Long sword        |   143 |    22 ||   165
Armor: Scale mail        |    63 |    11 ||    74
       Leather armour    |     1 |       ||     1
Dodge: Dodged            |    81 |    16 ||    97

Table legend: (Time is in decaauts)
 A = Elapsed time spent in this place.
 B = Non-inter-level travel time spent in this place.
 C = Inter-level travel time spent in this place.
 D = Time resting spent in this place.
 E = Time spent auto-exploring this place.
 F = Levels seen in this place.
 G = Mean time per level.
                   A        B        C        D        E       F      G
               +--------+--------+--------+--------+--------+-----+--------+
         Total |   2800 |   2657 |    143 |     87 |   2156 |   3 |  933.3 |
       Dungeon |   2800 |   2657 |    143 |     87 |   2156 |   3 |  933.3 |
               +--------+--------+--------+--------+--------+-----+--------+

Top non-repeatable levels by time:
     D:2: 1607 daAuts
     D:1: 1041 daAuts
     D:3: 152 daAuts
